 Dungeon Crawl Stone Soup version 0.31.0-9-g3a7656b989 (webtiles) character file.

Game seed: 8311207987118747813

120120 EnegeticOcto the Warrior (level 16, -11/139 HPs)
             Began as a Ghoul Enchanter on Feb 4, 2024.
             Was the Champion of Hepliaklqana.
             Mangled by a fenstrider witch
             ... wielding a staff of earth
              (24 damage)
             ... while paralysed by a fenstrider witch
             ... on level 4 of the Swamp.
             The game lasted 00:50:33 (35042 turns).

EnegeticOcto the Warrior (Ghoul Enchanter)         Turns: 35042, Time: 00:50:34

Health: -11/139    AC: 26    Str: 24    XL:     16   Next: 81%
Magic:  24/24      EV:  2    Int: 14    God:    Hepliaklqana [******]
Gold:   2525       SH:  0    Dex:  9    Spells: 18/18 levels left

rFire   . . .        W - +4 demon trident (elec)
rCold   + + .        g - +0 buckler
rNeg    + + +        y - +3 chain mail {rC+}
rPois   ∞            m - +2 hat
rElec   .            Y - +1 cloak
rCorr   .            Q - +2 pair of gloves "Podian" {+Blink Str+4}
SInv    .            (no boots)
Will    +....        f - amulet of faith Stlth
                     M - +4 ring of protection
HPRegen 0.00/turn    r - +5 ring of evasion
MPRegen 0.19/turn

%: faith
@: paralysed, inhibited regen, very slow
A: reduced essence, claws 1, cold resistance 1, negative energy resistance 3,
inhibited regeneration, torment resistance 2, devour on kill
a: Renounce Religion, Evoke Blink, Recall Ancestor, Ancestor Identity,
Transference, Idealise


You were on level 4 of the Swamp.
You worshipped Hepliaklqana.
Hepliaklqana was exalted by your worship.
You visited 5 branches of the dungeon, and saw 27 of its levels.

You collected 3100 gold pieces.
You spent 575 gold pieces at shops.

Inventory:

Hand Weapons
 W - a +4 demon trident of electrocution (weapon)
   (You took it off a red devil on level 9 of the Dungeon)
Missiles
 D - 34 boomerangs
 H - 14 javelins (quivered)
 J - 2 silver javelins
 Z - 7 curare-tipped darts
Armour
 g - a +0 buckler (worn)
   (You took it off a tengu warrior on level 14 of the Dungeon)
 m - a +2 hat (worn)
   (You found it on level 2 of the Dungeon)
 s - a +0 helmet
   (You took it off Robin on level 3 of the Dungeon)
 y - a +3 chain mail of cold resistance (worn)
   (You took it off Ijyb on level 3 of the Dungeon)
 Q - the +2 pair of gloves "Podian" (worn) {+Blink Str+4}
   (You found it on level 5 of the Lair of Beasts)

   Str+4:     It affects your strength (+4).
   +Blink:    It lets you blink.
 Y - a +1 cloak (worn)
   (You found it on level 14 of the Dungeon)
Jewellery
 f - an amulet of faith (around neck)
   (You found it on level 1 of the Dungeon)
 o - a ring of flight
   (You found it on level 2 of the Dungeon)
 r - a +5 ring of evasion (right hand)
   (You found it on level 3 of the Dungeon)
 t - a ring of willpower
   (You found it on level 5 of the Dungeon)
 A - a ring of protection from fire
   (You found it on level 4 of the Dungeon)
 M - a +4 ring of protection (left hand)
   (You found it on level 4 of the Lair of Beasts)
 P - a +4 ring of protection
   (You found it on level 12 of the Dungeon)
 R - a ring of protection from fire
   (You found it on level 8 of the Dungeon)
Wands
 b - a wand of iceblast (20) {@v2}
   (You found it on level 10 of the Dungeon)
 i - a wand of mindburst (32)
   (You found it on level 3 of the Swamp)
 k - a wand of flame (98) {@v4}
   (You found it on level 2 of the Lair of Beasts)
 l - a wand of paralysis (1)
   (You took it off Ijyb on level 3 of the Dungeon)
 z - a wand of polymorph (7)
   (You found it on level 5 of the Dungeon)
 N - a wand of quicksilver (1) {@v1}
   (You found it on level 7 of the Dungeon)
Scrolls
 a - 3 scrolls of teleportation {@r3 !r}
 e - 3 scrolls of vulnerability
 h - a scroll of immolation
 j - a scroll of identify {@r1}
 n - 2 scrolls of blinking {@r4}
 p - a scroll of brand weapon
 q - 5 scrolls of fog {!r}
 u - a scroll of poison {!r}
 w - 7 scrolls of revelation {@r5 !r}
 B - a scroll of summoning {!r}
 F - a scroll of fear {!r}
 X - 4 scrolls of enchant armour
Potions
 c - 2 potions of invisibility
 d - 10 potions of curing {@q1 !q}
 v - 2 potions of heal wounds {@q2 !q}
 C - 6 potions of haste {@q4 !q}
 G - a potion of might {@q3 !q}
 L - 4 potions of resistance
 O - 2 potions of attraction
 S - 2 potions of lignification {@q6}
 T - 10 potions of ambrosia
 U - 4 potions of enlightenment
 V - a potion of cancellation
Miscellaneous
 I - a phantom mirror
   (You found it on level 4 of the Lair of Beasts)


   Skills:
 + Level 17.1 Fighting
 - Level 0.8 Short Blades
 - Level 14.0 Polearms
 + Level 5.3 Throwing
 - Level 10.0 Armour
 - Level 8.0 Dodging
 - Level 3.2 Stealth
 + Level 5.1 Shields
 - Level 1.7 Spellcasting
 - Level 2.4 Hexes
 + Level 11.8 Invocations
 + Level 7.2 Evocations


You had 18 spell levels left.
You didn't know any spells.
Your spell library contained the following spells:

 Spells                   Type           Power      Damage    Failure   Level
 Jinxbite                 Hex            14%        N/A       56%         2
 Ensorcelled Hibernation  Hex/Ice        8%         N/A       75%         2
 Apportation              Tloc           2%         N/A       77%         1
 Foxfire                  Conj/Fire      4%         2x1d4     77%         1
 Freeze                   Ice            4%         1d3       77%         1
 Summon Small Mammal      Summ           4%         N/A       77%         1
 Confusing Touch          Hex            7%         N/A       80%         3
 Tukima's Dance           Hex            7%         N/A       80%         3
 Dazzling Flash           Conj/Hex       8%         N/A       92%         3
 Frozen Ramparts          Ice            2%         1d1       98%         3
 Gell's Gravitas          Tloc           1%         N/A       98%         3
 Hailstorm                Conj/Ice       1%         3d5       98%         3
 Ozocubu's Armour         Ice            1%         N/A       98%         3
 Summon Ice Beast         Ice/Summ       1%         N/A       98%         3
 Teleport Other           Tloc           1%         N/A       98%         3
 Animate Armour           Summ/Erth      2%         N/A       100%        4
 Dimensional Bullseye     Hex/Tloc       2%         N/A       100%        4
 Iskenderun's Mystic Bla  Conj/Tloc      1%         2d3       100%        4
 Passage of Golubria      Tloc           1%         N/A       100%        4
 Summon Lightning Spire   Summ/Air       1%         N/A       100%        4
 Alistair's Intoxication  Alch           0%         N/A       100%        5
 Lee's Rapid Deconstruct  Erth           0%         3d4*      100%        5
 Metabolic Englaciation   Hex/Ice        2%         N/A       100%        5
 Silence                  Hex/Air        2%         N/A       100%        5
 Summon Forest            Summ/Tloc      0%         N/A       100%        5
 Summon Mana Viper        Hex/Summ       4%         N/A       100%        5
 Dispersal                Tloc           0%         N/A       100%        6
 Eringya's Noxious Bog    Alch           0%         4d6       100%        6
 Plasma Beam              Fire/Air       0%         2x1d10    100%        6
 Sculpt Simulacrum        Ice/Alch       0%         N/A       100%        6
 Starburst                Conj/Fire      0%         6d3       100%        6
 Haunt                    Necr/Summ      0%         N/A       100%        7
 Summon Hydra             Summ           0%         N/A       100%        7
 Lehudib's Crystal Spear  Conj/Erth      0%         10d2      100%        8


Dungeon Overview and Level Annotations

Branches:
Dungeon (15/15) Zot: 26007  Temple (1/1) D:4 Zot: 5969    Lair (5/5) D:11 Zot: 22337
  Swamp (4/4) Lair:2 Zot: 18185   Snake (0/4) Lair:3        Slime (0/5) Lair:5
    Orc (2/2) D:12 Zot: 9153     Elf (0/3) Orc:2        Vaults (0/5) D:13
 Depths (0/4) D:15

Altars:
Ashenzari
Cheibriados
Dithmenos
Fedhas
Gozag
Hepliaklqana
Kikubaaqudgha
Makhleb
Nemelex Xobeh
Okawaru
Qazlal
Ru
Sif Muna
Trog
Uskayaw
Vehumet
Wu Jian
Xom
Yredelemnul

Shops:
D:4 :   D:5 !?   D:8 *   Orc:2 [:!!

Annotations:
D:15 1 runed translucent door, exclusion: door
Temple 2 transporters
Orc:1 2 transporters, P0WERM0DE's ghost, journeyman DrAr


Innate Abilities, Weirdness & Mutations

Your life essence is reduced to manifest your ancestor. (-10% HP)
You are immune to poison.
You have sharp fingernails.
Your flesh is cold resistant. (rC+)
You are immune to negative energy. (rN+++)
You do not regenerate when monsters are visible.
You are immune to unholy pain and torment.
You thrive by killing the living.


Message History

Your unstable footing causes you to fumble your attack.
Flug <3 hits the swamp drake with a +0 broad axe of flaming!
Flug <3 burns the swamp drake.
The swamp drake dies!
You enter the shallow water.
Moving in this stuff is going to be slow.
You start waiting.
Done waiting.
You swap places.
You enter the shallow water.
Moving in this stuff is going to be slow.
You enter the shallow water.
Moving in this stuff is going to be slow.
You enter the shallow water.
Moving in this stuff is going to be slow.
You enter the shallow water.
Moving in this stuff is going to be slow.
An eleionoma comes into view.
The eleionoma shouts!
You swap places.
Something hits Flug <3!
Something hits Flug <3 but does no damage.
You enter the shallow water.
Moving in this stuff is going to be slow.
Flug <3 hits the eleionoma with a +0 broad axe of flaming!
Flug <3 burns the eleionoma!
The eleionoma hits Flug <3 but does no damage.
Flug <3 hits the eleionoma with a +0 broad axe of flaming.
Flug <3 burns the eleionoma.
The eleionoma hits Flug <3 but does no damage.
Flug <3 hits the eleionoma with a +0 broad axe of flaming!
Flug <3 burns the eleionoma.
Flug <3 blocks the eleionoma's attack.
Flug <3 is recalled.
The eleionoma flows through the trees.
The eleionoma hurls a spray of splinters at you.
The spray of wooden splinters hits you but does no damage.
You reach to attack!
Your unstable footing causes you to fumble your attack.
Flug <3 completely misses the eleionoma.
You puncture the eleionoma!
The eleionoma is severely wounded.
Flug <3 misses the eleionoma.
You hit the eleionoma.
Lightning courses through the eleionoma!
You kill the eleionoma!
You hear a splash.
An eleionoma bone magically twists into a wand of iceblast (14).
No target in view!
No target in view!
You enter the shallow water.
Moving in this stuff is going to be slow.
b - a wand of iceblast (20) {@v2} (gained 14 charges)
You see here an eleionoma corpse.
Magic restored.
You enter the shallow water.
Moving in this stuff is going to be slow.
A fenstrider witch comes into view.
It is wielding a staff of earth and wearing an orb of wrath.
What are your orders? t - Shout!
Orders for allies: a - Attack new target. r - Retreat! s - Stop attacking. g - Guard the area. f - Follow me.
Anything else - Cancel.
You shout for attention!
The fenstrider witch shouts!
You hear a roar! x4
You enter the shallow water.
Moving in this stuff is going to be slow.
The fenstrider witch closely misses you.
The fenstrider witch kicks you!
Flug <3 hits the fenstrider witch with a +0 broad axe of flaming!
Flug <3 burns the fenstrider witch.
You barely miss the fenstrider witch.
The fenstrider witch is moderately wounded.
The fenstrider witch hits you with a staff of earth!
The ground beneath you fractures!
You block the fenstrider witch's attack.
A swamp worm comes into view.
You puncture the fenstrider witch!
The fenstrider witch is heavily wounded.
The fenstrider witch gestures at you while chanting.
You suddenly lose the ability to move!
The fenstrider witch casts a spell at you.
The toxic sludge hits you.
Splash!
You fall into the toxic bog.
Moving in this stuff is going to be slow.
Flug <3 hits the fenstrider witch with a +0 broad axe of flaming!!
Flug <3 burns the fenstrider witch!
You hear a roar! x2
You fester in the toxic bog.
You partially resist.
The fenstrider witch points at you and mumbles some strange words.
The toxic sludge hits you.
Flug <3 hits the fenstrider witch with a +0 broad axe of flaming.
Flug <3 burns the fenstrider witch.
The fenstrider witch hits you with a staff of earth.
The fenstrider witch goes berserk!
The fenstrider witch kicks you!
You fester in the toxic bog.
You partially resist.
The fenstrider witch hits you with a staff of earth!!
The ground beneath you fractures!!
* * * LOW HITPOINT WARNING * * *
The fenstrider witch kicks you!!
You die...

~..~~~.~♣♣~.~
§~~~~~~~~..~.
~~~~~~~..~.H
~§~~~~~~~..♣
~~~~~~~~~.♣
~~~~~~.~~♣ ♣§♣♣§♣
♣~H♣♣ ♣♣♣R@♣
♣~.~~♣♣♣♣♣♣
♣~~~~~..♣~♣ ♣♣♣♣♣
♣~~~.♣.~.~♣
♣~<.♣♣♣♣.†.♣♣♣♣~♣♣
♣~~.~♣~.~~~♣ ♣♣♣
♣...♣♣♣.~~.♣♣
♣♣~♣[.[....~♣
♣♣♣.~♣♣♣♣♣~♣


You could see the friendly Flug <3 the knight and a fenstrider witch (berserk,
ally target).

Vanquished Creatures
  Mlioglotl (Swamp:1)
  Jorgrun (D:15)
  Gastronok (D:10)
  A thorn hunter (Swamp:3)
  A fenstrider witch (Swamp:3)
  An orc warlord (Orc:2)
  4 eleionomae
  A bunyip (Swamp:2)
  A fire dragon (Lair:5)
  Josephine (D:13)
  12 hydras
  4 vault guards (D:13)
  Fannar (Orc:1)
  A great orb of eyes (D:15)
  2 rakshasas (D:15)
  A shambling mangrove (Swamp:4)
  2 ghost crabs
  3 centaur warriors (D:13)
  6 alligators
  2 boulder beetles (D:14)
  5 two-headed ogres
  2 tengu warriors
  Urug (Orc:2)
  An orc high priest (Orc:1)
  Sonja (D:13)
  A skyshark (Lair:4)
  A bog body (Swamp:4)
  2 goliath frogs (Swamp:1)
  2 spriggan druids
  8 swamp dragons
  3 orc knights
  7 ugly things (D:15)
  3 deep elf pyromancers
  2 manticores (D:13)
  An orc sorcerer (Orc:1)
  An oklob plant (Lair:2)
  A will-o-the-wisp (Swamp:1)
  3 cyclopes
  7 black mambas
  An ice statue (Lair:2)
  5 elephants
  2 kobold blastminers (Orc:2)
  A torpor snail (Lair:1)
  A molten gargoyle (Lair:5)
  A smoke demon (D:9)
  An unseen horror (D:12)
  2 gargoyles
  15 cane toads
  3 rime drakes
  9 komodo dragons
  A kobold demonologist (D:10)
  An ice devil (Lair:2)
  A merfolk (shapeshifter) (D:15)
  3 red devils (D:9)
  A queen bee (Lair:1)
  3 polar bears
  5 trolls
  2 hornets
  A hellwing (D:9)
  Grinder (D:5)
  19 blink frogs
  7 dream sheep
  3 slime creatures (D:15)
  A vampire (D:13)
  A centaur simulacrum (D:12)
  5 wyverns
  5 wraiths
  4 shadows
  26 yaks
  5 basilisks
  4 wargs
  A steam dragon (Lair:5)
  16 vampire mosquitoes
  7 swamp worms
  3 acid dragons
  7 water moccasins
  2 hell hounds (Lair:5)
  2 sky beasts
  40 orc warriors
  6 swamp drakes
  8 ice beasts
  3 black bears
  7 ogres
  15 wolves
  12 centaurs
  11 bullfrogs
  7 scorpions
  A gnoll sergeant (D:10)
  2 wights (D:6)
  16 killer bees
  An electric eel (D:9)
  2 howler monkeys
  A bombardier beetle (D:4)
  3 lava snakes (Lair:5)
  4 jellies
  6 orc priests
  2 gnoll boudas
  2 hounds
  A sleepcap (D:6)
  3 iguanas
  Ijyb (D:3)
  8 orc wizards
  Robin (D:3)
  15 gnolls
  An adder (D:2)
  A shadow imp (D:8)
  3 white imps (Lair:2)
  4 dart slugs
  52 orcs
  7 bats
  7 endoplasms
  3 giant cockroaches (D:9)
  8 goblins
  4 hobgoblins
  7 kobolds
  2 quokkas (D:4)
  6 ball pythons
  3 rats
563 creatures vanquished.

Vanquished Creatures (collateral kills)
  A rakshasa (D:15)
  2 hydras
  4 alligators
  3 centaur warriors
  A ghost crab (Swamp:4)
  A two-headed ogre (D:13)
  A catoblepas (D:13)
  2 spriggan druids
  A swamp dragon (Swamp:4)
  A bog body (Swamp:4)
  A lindwurm (Lair:5)
  A cyclops (D:13)
  A will-o-the-wisp (Swamp:2)
  A molten gargoyle (Lair:5)
  2 cane toads
  A rime drake (Lair:1)
  Jeremiah (D:7)
  4 komodo dragons
  2 trolls (D:12)
  3 tyrant leeches
  2 dream sheep (Lair:1)
  3 blink frogs
  A spriggan (Swamp:1)
  4 wraiths
  A vampire (D:12)
  A wyvern (Lair:5)
  3 yaks (Lair:2)
  2 wargs (Orc:2)
  2 vampire mosquitoes
  2 basilisks (Lair:5)
  3 swamp worms
  A hell hound (Lair:5)
  2 water moccasins
  2 swamp drakes
  6 orc warriors
  2 ice beasts
  A sky beast (D:8)
  A wolf (Lair:2)
  3 centaurs
  2 ogres
  A bullfrog (Lair:4)
  3 scorpions
  3 wights
  4 killer bees (Lair:1)
  An electric eel (Lair:3)
  A lava snake (Lair:5)
  A jelly (D:6)
  A gnoll bouda (D:8)
  An orc priest (Orc:2)
  An iguana (D:6)
  2 sleepcaps (D:6)
  7 orc wizards
  4 gnolls
  2 adders (D:6)
  A white imp (D:8)
  A ribbon worm (D:6)
  13 orcs
  A giant cockroach (D:9)
  3 butterflies
129 creatures vanquished.

Vanquished Creatures (others)
  An eleionoma (Swamp:4)
  An alligator (Swamp:1)
  A spriggan druid (Swamp:1)
  2 bloated husks
  14 knights
  2 ancestors
  An orc (Orc:1)
  11 foxfires
33 creatures vanquished.

Grand Total: 725 creatures vanquished

Notes
Turn   | Place    | Note
-------+----------+-------------------------------------------
     0 | D:1      | EnegeticOcto the Ghoul Enchanter began the quest for the
                  | Orb.
     0 | D:1      | Reached XP level 1. HP: 14/14 MP: 3/3
   129 | D:1      | Reached skill level 1 in Fighting
   440 | D:1      | Reached XP level 2. HP: 24/24 MP: 4/4
   541 | D:1      | Found a faded altar of an unknown god.
   682 | D:2      | Reached skill level 2 in Fighting
   708 | D:2      | Found a stormy altar of Qazlal.
  1641 | D:3      | Noticed Ijyb
  1641 | D:3      | Noticed Robin
  1668 | D:3      | Reached XP level 3. HP: 27/30 MP: 5/5
  1679 | D:3      | Paralysed by Ijyb for 4 turns
  1795 | D:3      | Paralysed by Ijyb for 4 turns
  1929 | D:2      | Reached skill level 3 in Fighting
  1975 | D:3      | Paralysed by Ijyb for 5 turns
  2156 | D:3      | Learned a level 2 spell: Ensorcelled Hibernation
  2408 | D:3      | Killed Robin
  2840 | D:3      | Killed Ijyb
  2841 | D:3      | Reached skill level 4 in Fighting
  2841 | D:3      | Reached XP level 4. HP: 30/40 MP: 6/6
  3205 | D:4      | Noticed an ogre
  3219 | D:4      | Killed an ogre
  3220 | D:4      | Reached skill level 2 in Polearms
  3220 | D:4      | Reached XP level 5. HP: 33/47 MP: 7/7
  3437 | D:4      | Reached skill level 5 in Fighting
  3437 | D:4      | Reached skill level 3 in Polearms
  3437 | D:4      | Reached XP level 6. HP: 45/56 MP: 8/8
  3632 | D:4      | Found Utheas's Self-Improvement Boutique.
  4119 | D:4      | Found a staircase to the Ecumenical Temple.
  4130 | Temple   | Found a transporter.
  4130 | Temple   | Found a transporter.
  4130 | Temple   | Found a transporter.
  4130 | Temple   | Found a transporter.
  4130 | Temple   | Entered the Ecumenical Temple
  4145 | Temple   | Became a worshipper of Hepliaklqana the Forgotten
  4398 | D:5      | Entered Level 5 of the Dungeon
  4404 | D:5      | Noticed an orc warrior
  4428 | D:5      | Found Ficvadd's Magic Scroll Shoppe.
  4460 | D:5      | Bought a scroll of revelation for 105 gold pieces
  4460 | D:5      | Bought a scroll of blinking for 105 gold pieces
  4545 | D:5      | Killed an orc warrior
  4546 | D:5      | Reached skill level 4 in Polearms
  4871 | D:5      | Reached XP level 7. HP: 61/61 MP: 9/9
  4969 | D:5      | Reached skill level 1 in Armour
  5340 | D:5      | Reached skill level 5 in Polearms
  5483 | D:5      | Reached * piety under Hepliaklqana
  5517 | D:5      | Noticed Grinder
  5550 | D:5      | Killed Grinder
  5551 | D:5      | Reached skill level 2 in Armour
  5607 | D:5      | Reached XP level 8. HP: 35/61 MP: 10/10
  5612 | D:5      | Reached skill level 6 in Polearms
  5835 | D:5      | Found Igeom Eso's Distillery.
  6160 | D:6      | Reached skill level 3 in Armour
  6166 | D:6      | Noticed Eustachio
  6179 | D:6      | Eustachio changed into Eustachio the ribbon worm
  6179 | D:6      | Noticed Eustachio
  6186 | D:6      | Killed Eustachio the ribbon worm
  6427 | D:5      | Bought a potion of might for 48 gold pieces
  6548 | D:6      | Reached skill level 7 in Polearms
  6946 | D:6      | Reached skill level 4 in Armour
  7158 | D:6      | Noticed Maggie
  7159 | D:6      | Maggie changed into Maggie the sky beast
  7159 | D:6      | Noticed Maggie
  7164 | D:6      | Killed Maggie the sky beast
  7165 | D:6      | Reached skill level 8 in Polearms
  7165 | D:6      | Reached XP level 9. HP: 60/66 MP: 11/11
  7344 | D:6      | Reached ** piety under Hepliaklqana
  7345 | D:6      | Remembered your ancestor Flug <3 as a knight>
                  | ERROR: string above had unterminated tag
  7625 | D:6      | Reached skill level 9 in Polearms
  8073 | D:7      | Reached skill level 10 in Polearms
  8080 | D:7      | Noticed a centaur warrior
  8094 | D:7      | Killed a centaur warrior
  8184 | D:7      | Reached skill level 11 in Polearms
  8184 | D:7      | Reached XP level 10. HP: 69/72 MP: 12/12
  8248 | D:7      | Noticed Jeremiah
  8263 | D:7      | Killed Jeremiah
  8264 | D:7      | Reached skill level 1 in Evocations
  8924 | D:8      | Found Yweut's Overcharged Wands.
  9203 | D:8      | Reached *** piety under Hepliaklqana
  9780 | D:5      | Bought a potion of ambrosia for 96 gold pieces
  9780 | D:5      | Bought a potion of enlightenment for 60 gold pieces
  9780 | D:5      | Bought a potion of cancellation for 96 gold pieces
  9916 | D:9      | Reached skill level 2 in Evocations
 10068 | D:9      | Noticed a smoke demon
 10087 | D:9      | Reached skill level 6 in Fighting
 10095 | D:9      | Killed a smoke demon
 10096 | D:9      | Reached skill level 5 in Armour
 10327 | D:9      | Noticed a two-headed ogre
 10338 | D:9      | Killed a two-headed ogre
 10339 | D:9      | Reached skill level 12 in Polearms
 10339 | D:9      | Reached skill level 3 in Evocations
 10569 | D:9      | Noticed a two-headed ogre
 10579 | D:9      | Killed a two-headed ogre
 10580 | D:9      | Reached XP level 11. HP: 60/81 MP: 13/13
 11018 | D:9      | Found a runed translucent door.
 11023 | D:9      | Reached **** piety under Hepliaklqana
 11035 | D:9      | Reached skill level 7 in Fighting
 11050 | D:9      | Found a runed translucent door.
 11324 | D:10     | Entered Level 10 of the Dungeon
 11388 | D:10     | Reached skill level 4 in Evocations
 11475 | D:10     | Found a broken altar of Ashenzari.
 11776 | D:10     | Noticed Gastronok
 11788 | D:10     | Killed Gastronok
 11789 | D:10     | Reached skill level 6 in Armour
 12308 | D:11     | Reached skill level 13 in Polearms
 12320 | D:11     | Reached ***** piety under Hepliaklqana
 12330 | D:11     | Reached skill level 8 in Fighting
 12558 | D:11     | Noticed a deep elf pyromancer
 12567 | D:11     | Killed a deep elf pyromancer
 12578 | D:11     | Found a staircase to the Lair.
 13013 | D:11     | Noticed a two-headed ogre
 13020 | D:11     | Killed a two-headed ogre
 13200 | D:11     | Reached XP level 12. HP: 70/92 MP: 14/14
 13439 | Lair:1   | Entered Level 1 of the Lair of Beasts
 13455 | Lair:1   | Reached skill level 7 in Armour
 13760 | Lair:1   | Reached skill level 9 in Fighting
 13797 | Lair:1   | Reached skill level 14 in Polearms
 14267 | Lair:1   | Reached skill level 8 in Armour
 14302 | Lair:1   | Reached skill level 10 in Fighting
 14899 | Lair:1   | Reached skill level 11 in Fighting
 14975 | Lair:2   | Reached skill level 12 in Fighting
 15084 | Lair:2   | Reached XP level 13. HP: 107/107 MP: 15/15
 15232 | Lair:2   | Reached skill level 13 in Fighting
 15391 | Lair:2   | Reached skill level 2 in Dodging
 15412 | Lair:2   | Reached skill level 1 in Invocations
 15415 | Lair:2   | Found a staircase to the Swamp.
 15479 | Lair:2   | Identified the +0 scale mail of Wu Jian's Envy {rN+ Will+
                  | Dex-5}
 15487 | Lair:2   | Reached skill level 2 in Invocations
 16360 | Lair:3   | Found a staircase to the Snake Pit.
 16451 | Lair:3   | Reached skill level 3 in Dodging
 16654 | Lair:3   | Reached skill level 3 in Invocations
 17835 | Lair:4   | Found a shimmering altar of Xom.
 18073 | Lair:4   | Reached skill level 4 in Invocations
 18075 | Lair:4   | Reached skill level 4 in Dodging
 18470 | Lair:4   | Reached ****** piety under Hepliaklqana
 18642 | Lair:4   | Reached skill level 9 in Armour
 18839 | Lair:5   | Entered Level 5 of the Lair of Beasts
 18839 | Lair:5   | Found a staircase to the Slime Pits.
 18945 | Lair:5   | Reached skill level 5 in Invocations
 18990 | Lair:5   | Reached skill level 14 in Fighting
 19211 | Lair:5   | Reached skill level 5 in Dodging
 19211 | Lair:5   | Reached XP level 14. HP: 105/118 MP: 17/17
 20325 | Lair:5   | Reached skill level 6 in Invocations
 21271 | Lair:5   | Found the +5 moon troll leather armour {Spirit, Regen++
                  | MP+5}
 21282 | Lair:5   | Found a large runed translucent door.
 21282 | Lair:5   | Found a large runed translucent door.
 21415 | Lair:5   | Identified the +2 pair of gloves "Podian" {+Blink Str+4}
 21763 | D:12     | Found a staircase to the Orcish Mines.
 21825 | D:12     | Identified the +3 spear of Qiam {heavy, Int+4}
 21879 | D:12     | Reached skill level 6 in Dodging
 22654 | D:12     | Reached skill level 10 in Armour
 22683 | Orc:1    | Entered Level 1 of the Orcish Mines
 22770 | Orc:1    | Reached skill level 7 in Invocations
 22820 | Orc:1    | Noticed P0WERM0DE's ghost (journeyman DrAr)
 22822 | Orc:1    | Found a transporter.
 22826 | Orc:1    | Identified the +5 great mace "Xivuqes" {drain, rF+ Int+3}
 22860 | Orc:1    | Noticed Fannar
 22880 | Orc:1    | Killed Fannar
 22889 | Orc:1    | Found a transporter.
 23161 | Orc:2    | Entered Level 2 of the Orcish Mines
 23707 | Orc:2    | Reached skill level 15 in Fighting
 23883 | Orc:2    | Found a staircase to the Elven Halls.
 23922 | Orc:2    | Noticed Urug
 23937 | Orc:2    | Killed Urug
 24390 | Orc:2    | Reached skill level 7 in Dodging
 24557 | Orc:1    | Noticed an orc warlord
 24619 | Orc:2    | Killed an orc warlord
 24620 | Orc:2    | Reached skill level 8 in Invocations
 25238 | Orc:2    | Found Jekoac's Book Boutique.
 25238 | Orc:2    | Found Owkixt's Distillery.
 25239 | Orc:2    | Found Binnicikk's Distillery.
 25241 | Orc:2    | Found Pad Soowye's Antique Armour Shop.
 25248 | Orc:2    | Bought a potion of heal wounds for 65 gold pieces
 25679 | D:13     | Reached XP level 15. HP: 126/126 MP: 21/21
 25868 | D:13     | Noticed Sonja
 26036 | D:13     | Killed Sonja
 26067 | D:13     | Reached skill level 9 in Invocations
 26446 | D:13     | Reached skill level 8 in Dodging
 26495 | D:13     | Found a gate to the Vaults.
 27097 | D:13     | Found a gate to the Vaults.
 27634 | D:14     | Reached skill level 16 in Fighting
 27782 | D:14     | Noticed Josephine
 27790 | D:13     | Killed Josephine
 28008 | D:14     | Reached skill level 1 in Throwing
 28186 | D:15     | Entered Level 15 of the Dungeon
 28186 | D:15     | Found a runed translucent door.
 28250 | D:15     | Noticed a frost giant
 28314 | D:15     | Reached skill level 10 in Invocations
 28347 | D:15     | Reached skill level 5 in Evocations
 28359 | D:15     | Reached skill level 1 in Shields
 28526 | D:15     | Identified the staff of Irritation {rF- Int+2 Dex+3 SInv
                  | Conj}
 28566 | D:15     | Noticed Jorgrun
 28584 | D:15     | Killed Jorgrun
 28585 | D:15     | Reached skill level 2 in Throwing
 28924 | D:15     | Reached skill level 2 in Shields
 29075 | D:15     | Found a staircase to the Depths.
 29286 | Swamp:1  | Entered Level 1 of the Swamp
 29563 | Swamp:1  | Reached skill level 3 in Throwing
 29646 | Swamp:1  | Reached XP level 16. HP: 83/136 MP: 23/23
 29845 | Swamp:1  | Reached skill level 3 in Shields
 30300 | Swamp:1  | Reached skill level 6 in Evocations
 30660 | Swamp:2  | Noticed Mlioglotl
 30879 | Swamp:1  | Killed Mlioglotl
 31187 | Swamp:2  | Reached skill level 11 in Invocations
 31329 | Swamp:2  | Reached skill level 4 in Throwing
 31775 | Swamp:3  | Reached skill level 4 in Shields
 32076 | Swamp:3  | Noticed a fenstrider witch
 32083 | Swamp:3  | Paralysed by a fenstrider witch for 5 turns
 32089 | Swamp:3  | Killed a fenstrider witch
 32112 | Swamp:3  | Noticed a thorn hunter
 32122 | Swamp:3  | Killed a thorn hunter
 32516 | Swamp:3  | Got the Information on the Generative Undead
 32808 | Swamp:4  | Entered Level 4 of the Swamp
 32894 | Swamp:4  | Reached skill level 17 in Fighting
 33583 | Swamp:4  | Reached skill level 5 in Throwing
 33666 | Swamp:4  | Reached skill level 7 in Evocations
 34171 | Swamp:4  | Reached skill level 5 in Shields
 35032 | Swamp:4  | Noticed a fenstrider witch
 35039 | Swamp:4  | Paralysed by a fenstrider witch for 4 turns
 35042 | Swamp:4  | Mangled by a fenstrider witch

Illustrated notes

Levels and vault maps discovered:
D:1:      dpeg_arrival_long_road, layout_loops_cross,
          chequers_ecumenical_altar_grove, chequers_serial_rivers_small_a
D:2:      layout_loops_ring, basic_altar
D:3:      layout_loops_ring, mainiacjoe_overflow_boulevard, nicolae_goblin_pals
D:4:      layout_basic, minmay_temple_entry_nine_rooms, roderic_batcave,
          nicolae_shop_self_help
D:5:      layout_loops_ring, serial_shops, shop, nicolae_stop_n_shop_1,
          uniq_grinder
D:6:      minmay_polygon_palace, layout_basic, minmay_misc_feat_roman,
          uniq_eustachio, uniq_maggie
D:7:      layout_basic, minmay_three_doors, uniq_jeremiah
D:8:      layout_basic, lemuel_doored_altar, nicolae_shop_overcharged_wands
D:9:      lemuel_insect_pit, layout_basic, serial_curves, eino_curves_03,
          eino_curves_04, amcnicky_mini_rare_corridor_liquid,
          grunt_ministairs_14, nicolae_hexahallways, nicolae_where_there's_smoke
D:10:     layout_irregular_city, lemuel_tele_altar,
          hangedman_abyss_or_decor_passed, minmay_misc_feat_chi, uniq_gastronok
D:11:     layout_basic, lair_entry_dummy, minmay_misc_feat_nine_boxes
D:12:     layout_long_grid, erik_orc_1, small_chamber_with_monster
D:13:     layout_roguey, lightli_vaults_fourway_checkpoint, uniq_sonja
D:14:     layout_cave_pools, kennysheep_another_room, uniq_josephine
D:15:     gammafunk_enter_depths_forms, layout_irregular_city,
          nrook_mini_vaults, st_stairs_14, kennysheep_treasure_room,
          uniq_jorgrun
Temple:   hellmonk_temple_divided_pantheon
Lair:1:   layout_layer_cave, special_room [special_room_bee]
Lair:2:   layout_concentric_octagons, minmay_swamp_entry_reptiles, ice2_lemuel
Lair:3:   layout_small_grid, dummy_snake_entry, infiniplex_staircase_pool,
          lemuel_fruit_fields
Lair:4:   layout_cave_pods, basic_altar, infiniplex_staircase_pool_2,
          lemuel_fruit_tree
Lair:5:   cheibrodos_lair_end_hotspot, layout_gridlike,
          nicolae_slime_entry_field_trip
Swamp:1:  layout_falls_marsh, evilmike_swamp_ruin_house_4
Swamp:2:  layout_falls_marsh, evilmike_swamp_ruin_rubble_2,
          nicolae_swamp_decorative_isthmus, uniq_mlioglotl
Swamp:3:  layout_basic_swamp, evilmike_swamp_ruin_rubble_1,
          nicolae_swamp_long_stream
Swamp:4:  grunt_swamp_rune_castle, layout_basic_swamp, swamp_pool_5,
          nicolae_swamp_tree_designs
Orc:1:    layout_caves, gammafunk_ghost_smash, uniq_fannar
Orc:2:    st_orc_rangers, layout_caves, mines2_david, uniq_urug

Skill      XL: |  1  2  3  4  5  6  7  8  9 10 11 12 13 14 15 16 |
---------------+-------------------------------------------------+-----
Fighting       | 1 2 4 5 6 8 12 14 15 16 17 | 17.1
Polearms       | 2 3 4 5 8 11 12 13 14 | 14.0
Armour         | 2 4 5 6 8 9 10 | 10.0
Evocations     | 3 4 5 7 |  7.2
Dodging        | 5 7 8 |  8.0
Invocations    | 5 8 10 11 | 11.8
Throwing       | 3 5 |  5.3
Shields        | 2 5 |  5.1
Short Blades   | |  0.8
Stealth        | |  3.2
Spellcasting   | |  1.7
Hexes          | |  2.4

Action                     |  1- 3 |  4- 6 |  7- 9 | 10-12 | 13-15 | 16-18 || total
---------------------------+-------+-------+-------+-------+-------+-------++-------
  Melee: Dagger            |   163 |     4 |     4 |       |       |       ||   171
         Long sword        |    12 |     6 |       |       |       |       ||    18
         Trident           |       |   181 |   207 |       |       |       ||   388
         Punch             |       |     1 |     2 |     9 |     8 |       ||    20
         Halberd           |       |       |    73 |    81 |       |       ||   154
         Demon trident     |       |       |       |   440 |  1338 |   286 ||  2064
  Throw: Dart              |    14 |    19 |     8 |    13 |     6 |       ||    60
         Javelin           |       |       |       |       |       |     4 ||     4
   Cast: Ensorcelled Hiber |     1 |       |       |       |       |       ||     1
 Invoke: Recall Ancestor   |       |       |     5 |    10 |    12 |     6 ||    33
         Ancestor Identity |       |       |     1 |       |       |       ||     1
         Ancestor Life: Kn |       |       |     1 |       |       |       ||     1
         Transference      |       |       |       |     2 |     2 |     1 ||     5
         Idealise          |       |       |       |     1 |     1 |     2 ||     4
Ability: Evoke Blink       |       |       |       |       |     1 |       ||     1
  Evoke: Wand              |       |     4 |     8 |     2 |     1 |     1 ||    16
         Phantom mirror    |       |       |       |       |       |     1 ||     1
    Use: Potion            |     3 |       |       |     3 |       |       ||     6
         Scroll            |     1 |     4 |     4 |    15 |     7 |     3 ||    34
   Stab: Sleeping          |     5 |       |       |       |       |       ||     5
         Invisible         |     4 |       |       |    14 |       |       ||    18
         Paralysed         |       |     4 |     4 |       |       |       ||     8
         Distracted        |       |       |     1 |     5 |     6 |       ||    12
 Armour: Robe              |    72 |       |       |       |       |       ||    72
         Leather armour    |    26 |       |       |       |       |       ||    26
         Chain mail        |       |   127 |   170 |   228 |   685 |   181 ||  1391
  Dodge: Dodged            |   101 |   111 |   124 |   212 |   616 |   119 ||  1283
  Block: Buckler           |       |       |       |       |    18 |    35 ||    53

Table legend:
 A = Kills in this place as a percentage of kills in the entire game.
 B = Kills by you in this place as a percentage of kills by you in the entire game.
 C = Kills by friends in this place as a percentage of kills by friends in the entire game.
 D = Other kills in this place as a percentage of other kills in the entire game.
 E = Experience gained in this place as a percentage of experience gained in the entire game.
 F = Experience gained in this place divided by the number of levels of this place that you have seen.
                   A       B       C       D       E      F
               +-------+-------+-------+-------+-------+----------------------
         Total | 100.0 | 100.0 | 100.0 | 100.0 | 100.0 | 6355.6
       Dungeon |  42.6 |  43.2 |  41.3 |   0.0 |  34.0 | 3888.9
          Lair |  27.7 |  28.8 |  23.8 |   0.0 |  27.2 | 9350.2
         Swamp |  13.0 |  11.5 |  17.5 | 100.0 |  29.8 | 12788.2
  Orcish Mines |  16.6 |  16.5 |  17.5 |   0.0 |   9.0 | 7681.5
               +-------+-------+-------+-------+-------+----------------------

Table legend: (Time is in decaauts)
 A = Elapsed time spent in this place.
 B = Non-inter-level travel time spent in this place.
 C = Inter-level travel time spent in this place.
 D = Time resting spent in this place.
 E = Time spent auto-exploring this place.
 F = Levels seen in this place.
 G = Mean time per level.
                   A        B        C        D        E       F      G
               +--------+--------+--------+--------+--------+-----+--------+
         Total |  34499 |  32255 |   2244 |   7676 |  19102 |  27 | 1277.7 |
       Dungeon |  18145 |  16566 |   1579 |   2244 |  11317 |  15 | 1209.7 |
        Temple |     30 |     30 |      0 |      0 |      0 |   1 |   30.0 |
          Lair |   7662 |   7161 |    501 |   1030 |   4995 |   5 | 1532.4 |
         Swamp |   5813 |   5704 |    109 |   3346 |   1595 |   4 | 1453.2 |
  Orcish Mines |   2846 |   2793 |     53 |   1054 |   1194 |   2 | 1423.0 |
               +--------+--------+--------+--------+--------+-----+--------+

Top non-repeatable levels by time:
  Lair:5: 2338 daAuts
 Swamp:4: 2128 daAuts
     D:5: 1814 daAuts
     D:6: 1801 daAuts
   Orc:2: 1781 daAuts
    D:13: 1774 daAuts
 Swamp:1: 1576 daAuts
  Lair:1: 1550 daAuts
     D:4: 1466 daAuts
     D:9: 1439 daAuts
  Lair:2: 1418 daAuts
 Swamp:3: 1289 daAuts
  Lair:4: 1288 daAuts
     D:3: 1254 daAuts
    D:11: 1236 daAuts
